 Dungeon Sprint DCSS version 0.20-a0-842-g939b552 (webtiles) character file.

97 Musica the Skirmisher (level 4, -1/47 HPs)
             Began as a Hill Orc Fighter on Mar 9, 2017.
             Slain by a tarantella (9 damage)
             ... summoned by a deep elf mage
             ... in the Dungeon (Sprint III: "The Ten Rune Challenge").
             The game lasted 00:02:37 (223 turns).

Musica the Skirmisher (Hill Orc Fighter)             Turns: 223, Time: 00:02:38

Health: -1/47      AC:  6    Str: 16 (18) XL:     4   Next: 68%
Magic:  4/4        EV:  9    Int:  8      God:
Gold:   31         SH:  9    Dex:  6 (9)  Spells: 3/3 levels left

rFire    . . .     SeeInvis .   a - +0 trident
rCold    . . .     Gourm    .   b - +0 scale mail
rNeg     . . .     Faith    .   c - +0 shield
rPois    .         Spirit   .   (helmet restricted)
rElec    .         Reflect  .   (no cloak)
rCorr    .         Harm     .   (no gloves)
MR       +....     NoTele   +   (no boots)
Stlth    ..........             (no amulet)
Regen    0.2/turn               (no ring)
MPRegen  0.1/turn               (no ring)

@: weakened
A: horns 1, repulsion field 1, clumsy 1, magic resistance 1, wild magic 1
a: no special abilities


You were in the Dungeon.
You were not hungry.

You visited 1 branch You collected 31 gold pieces.

Inventory:

Hand Weapons
 a - a +0 trident (weapon)
Missiles
 l - 23 sling bullets
Armour
 b - a +0 scale mail (worn)
 c - a +0 shield (worn)
Scrolls
 j - 3 scrolls of immolation {unknown}
 k - a scroll of blinking
 m - 2 scrolls of identify {unknown}
Potions
 g - a potion of heal wounds
 h - a potion of haste
 i - 2 potions of magic
 o - a potion of flight
Comestibles
 f - a bread ration
 n - 2 royal jellies


   Skills:
 + Level 7.5 Fighting
 + Level 5.4 Polearms
 - Level 3.2 Armour
 + Level 6.6 Shields


You had 3 spell levels left.
You didn't know any spells.

Dungeon Overview and Level Annotations

Branches:
Dungeon (1/1)

Altars:
Elyvilon
Zin
The Shining One


Innate Abilities, Weirdness & Mutations

You have a pair of small horns on your head.
You are surrounded by a mild repulsion field. (EV +2)
You are clumsy. (Dex -2)
You are resistant to hostile enchantments. (MR+)
Your spells are a little harder to cast, but a little more powerful.


Message History

The deep elf mage is heavily wounded.
The demonic crawler hits you. You block the demonic crawler's attack.
The demonic crawler hits you but does no damage.
The orange demon barely misses you.
The orange demon hits you but does no damage.
You hit the deep elf mage.
The deep elf mage is heavily wounded.
The demonic crawler misses you. The demonic crawler hits you!
The demonic crawler hits you.
The deep elf mage gestures wildly while chanting.
You block the orange demon's attack. The orange demon closely misses you.
The demonic crawler completely misses you.
The demonic crawler hits you!
* * * LOW HITPOINT WARNING * * *
The demonic crawler barely misses you.
The deep elf mage hits you but does no damage.
You hit the deep elf mage.
The deep elf mage is heavily wounded.
The tarantella bites you!
You die...

▓▓▓▓▓▓▓▓ ▓▓▓ .'...♣.♣♣
♣.##### .#......♣
♣.#r_r# ##....♣♣♣
♣.#ses# .#....≈.♣♣
♣.###@#+###+#
.#...≈≈..♣♣♣.#..s4......
.#..≈≈≈≈♣.♣♣.+.⌠........
'#..≈≈≈≈≈≈♣..#...######+
)#.≈≈≈≈≈≈....#.⌠.#
.#.≈≈≈≈≈..E..#...#
.#.≈≈≈.......#+###
##...........#
.............#


You could see a demonic crawler, an orange demon, a deep elf mage, a tarantella,
a redback and 2 hell rats.

Vanquished Creatures
  A scorpion (D)
  Jessica (D)
  A human (D)
  An ooze (D)
  2 rats (D)
6 creatures vanquished.

Vanquished Creatures (others)
  A yaktaur (D)
  6 hellions (D)
  3 plants (D)
10 creatures vanquished.

Grand Total: 16 creatures vanquished

Notes
Turn   | Place    | Note
-------+----------+-------------------------------------------
     0 | D        | Musica the Hill Orc Fighter began the quest for the Orb.
     0 | D        | Reached XP level 1. HP: 19/19 MP: 1/1
     6 | D        | Reached skill level 4 in Fighting
    17 | D        | Noticed Jessica
    19 | D        | Killed Jessica
    19 | D        | Reached skill level 5 in Fighting
    19 | D        | Reached skill level 5 in Shields
    19 | D        | Reached XP level 2. HP: 30/30 MP: 2/2
    19 | D        | Reached XP level 3. HP: 37/37 MP: 3/3
    65 | D        | Noticed a scorpion
    80 | D        | Killed a hellion
    81 | D        | Killed a hellion
    83 | D        | Killed a hellion
    85 | D        | Killed a hellion
    90 | D        | Killed a scorpion
    90 | D        | Reached skill level 7 in Fighting
    90 | D        | Reached skill level 5 in Polearms
    90 | D        | Reached XP level 4. HP: 30/47 MP: 4/4
   109 | D        | Gained mutation: You are partially covered in yellow scales. (AC +2) [potion of mutation]
   109 | D        | Gained mutation: You are surrounded by a mild repulsion field. (EV +2) [potion of mutation]
   109 | D        | Gained mutation: You are resistant to hostile enchantments. (MR+) [potion of mutation]
   110 | D        | Lost mutation: You are partially covered in yellow scales. (AC +2) [potion of mutation]
   110 | D        | Gained mutation: Your natural rate of healing is unusually fast. [potion of mutation]
   110 | D        | Gained mutation: You are clumsy. (Dex -2) [potion of mutation]
   110 | D        | Gained mutation: You have large cloven feet. [potion of mutation]
   111 | D        | Lost mutation: Your natural rate of healing is unusually fast. [potion of mutation]
   111 | D        | Lost mutation: You have large cloven feet. [potion of mutation]
   111 | D        | Gained mutation: Your spells are a little harder to cast, but a little more powerful. [potion of mutation]
   111 | D        | Gained mutation: You have a pair of small horns on your head. [potion of mutation]
   121 | D        | Killed a hellion
   124 | D        | Killed a hellion
   135 | D        | Killed a yaktaur
   156 | D        | Noticed a water elemental
   213 | D        | Found a glowing silver altar of Zin.
   213 | D        | Found a glowing golden altar of the Shining One.
   213 | D        | Found a white marble altar of Elyvilon.
   214 | D        | Noticed a deep elf mage
   217 | D        | Noticed an orange demon
   220 | D        | Noticed a demonic crawler
   223 | D        | Noticed a redback
   223 | D        | Noticed a tarantella
   223 | D        | Slain by a tarantella

Vault maps used:
D:        dungeon_sprint_mu

Skill      XL: |  1  2  3 |
---------------+----------+-----
Fighting       | 5 7 |  7.5
Shields        | 5 6 |  6.6
Polearms       | 3 5 |  5.4
Armour         | |  3.2

Action                   |  1- 3 |  4- 6 || total
-------------------------+-------+-------++-------
Melee: Trident           |    30 |    18 ||    48
  Use: Potion            |     2 |     6 ||     8
       Scroll            |       |     1 ||     1
Armor: Scale mail        |     6 |     6 ||    12
Dodge: Dodged            |     5 |    11 ||    16
Block: Shield            |    12 |    11 ||    23
